 Dungeon Crawl Stone Soup version 0.20-a0-1126-g0f15420 (webtiles) character file.

444 HAL9000 the Slasher (level 7, -7/41 HPs)
             Began as a Gargoyle Berserker on May 17, 2017.
             Was a Priest of Trog.
             Mangled by an ogre
             ... wielding a +0 giant spiked club
              (18 damage)
             ... on level 3 of the Dungeon.
             The game lasted 00:05:59 (2572 turns).

HAL9000 the Slasher (Gargoyle Berserker)            Turns: 2572, Time: 00:06:00

Health: -7/41      AC: 16    Str: 21    XL:     7   Next: 3%
Magic:  7/7        EV:  5    Int:  8    God:    Trog [***...]
Gold:   157        SH:  6    Dex: 10    Spells: 6/6 levels left

rFire    x . .     SeeInvis .   a - +0 falchion
rCold    + . .     Gourm    .   i - +0 buckler
rNeg     + . .     Faith    .   r - +0 plate armour
rPois    ∞         Spirit   .   (no helmet)
rElec    +         Reflect  +   z - +0 cloak
rCorr    .         Harm     .   (no gloves)
MR       ++...                  (no boots)
Stlth    ..........             y - +3 amulet of reflection
Regen    1.2/turn               l - ring of wizardry
MPRegen  0.1/turn               v - ring of ice

@: regenerating, slowed, very slow
A: negative energy resistance 1, electricity resistance, unbreathing,
petrification resistance, rot immunity, AC +4
a: Berserk, Trog's Hand, Burn Spellbooks, Renounce Religion


You were on level 3 of the Dungeon.
You worshipped Trog.
Trog was most pleased with you.
You were near starving.

You visited 1 branch of the dungeon, and saw 4 of its levels.

You collected 157 gold pieces.

Inventory:

Hand Weapons
 a - a +0 falchion (weapon)
Missiles
 f - 5 curare-tipped needles
 C - a throwing net (quivered)
Armour
 i - a +0 buckler (worn)
 r - a +0 plate armour (worn)
 z - a +0 cloak (worn)
Jewellery
 l - a ring of wizardry (left hand)
 v - a ring of ice (right hand)
 y - a +3 amulet of reflection (around neck)
Scrolls
 e - 2 scrolls of identify {unknown}
 h - 2 scrolls of magic mapping {unknown}
 m - a scroll of immolation {unknown}
 n - a scroll of recharging {unknown}
 p - 3 scrolls of remove curse
 w - a scroll of random uselessness {unknown}
 B - a scroll of enchant armour {unknown}
 D - a scroll of fog {unknown}
Potions
 g - a potion of degeneration {unknown}
 o - 2 potions of lignification {unknown}
 q - a potion of flight {unknown}
 s - a potion of resistance {unknown}
 t - a potion of haste {unknown}
Comestibles
 c - 2 bread rations
 E - 4 chunks of flesh


   Skills:
 - Level 3.2 Fighting
 + Level 7.0 Long Blades
 - Level 2.1 Armour
 - Level 1.5 Dodging


You had 6 spell levels left.
You didn't know any spells.

Dungeon Overview and Level Annotations

Branches:
Dungeon (4/15)
 Temple: D:4-7

Altars:
Trog

Annotations:
D:4 Ijustatesigmund's ghost, novice DrCj


Innate Abilities, Weirdness & Mutations

You are resistant to torment.
Your stone body is resilient. (AC +4)
You are immune to poison.
You resist negative energy. (rN+)
You are resistant to electric shocks. (rElec)
You can survive without breathing.
You are immune to petrification.
You are immune to rotting.


Message History

Unknown command.
You found a shaft!
The ogre hits you but does no damage.
There is a stone staircase leading up here.
Okay, then.
The ogre closely misses you.
You riposte.
You hit the ogre.
The ogre is severely wounded.
You climb upwards.
The ghost fades into the shadows.
Ijustatesigmund's ghost disappears!
There is a stone staircase leading down here.
Unknown command.
Your skin crawls.
You feel resistant to hostile enchantments.
You feel somewhat more hungry.
You are near starving!
You block the ogre's attack. The ogre hits you but does no damage.
The ogre hits you with a giant spiked club!
* * * LOW HITPOINT WARNING * * *
The ogre hits you with a giant spiked club!!
You die...

...).............#######
.......................#
.#.########.####.#####.##########
.#.# ##.## #.# #.........>. .#.#
##...###.################ .#.#
#..............########## .#.#
#.......................#
.#.######.....##O#####.########.#
.#........>...##@# #.# #.#
...#######....##.## #.# #.# .)..#
#.........# ##.## #.# ..#.#
#.....##..###...## #.# .##.#
#.............#..# #.# ..#.#
#..#.........###.# #..
.#..#####..#.###..##..#..# ###
...........)............##
.............###..###############


You could see an ogre.

Vanquished Creatures
  Menkaure (D:4)
  A scorpion (D:3)
  A howler monkey (D:4)
  A bullfrog skeleton (D:4)
  Crazy Yiuf (D:3)
  Terence (D:3)
  3 gnolls
  5 adders
  An ooze (D:2)
  An adder skeleton (D:4)
  3 worms
  A dart slug (D:1)
  A leopard gecko (D:1)
  3 orcs (D:3)
  6 bats
  A giant cockroach (D:2)
  5 goblins
  8 hobgoblins
  2 jackals (D:3)
  A quokka (D:2)
  A ball python (D:1)
  3 frilled lizards
  11 kobolds
  A quokka skeleton (D:4)
  14 rats
77 creatures vanquished.

Notes
Turn   | Place    | Note
-------+----------+-------------------------------------------
     0 | D:1      | HAL9000 the Gargoyle Berserker began the quest for the Orb.
     0 | D:1      | Reached XP level 1. HP: 14/14 MP: 1/1
    16 | D:1      | Reached skill level 3 in Long Blades
    68 | D:1      | Reached XP level 2. HP: 18/19 MP: 2/2
   591 | D:1      | Reached XP level 3. HP: 18/23 MP: 3/3
   783 | D:2      | Reached ** piety under Trog
   885 | D:2      | Reached skill level 4 in Long Blades
  1188 | D:2      | Reached XP level 4. HP: 28/28 MP: 4/4
  1285 | D:2      | Noticed a moth of wrath
  1288 | D:2      | Found a bloodstained altar of Trog.
  1831 | D:3      | Reached skill level 5 in Long Blades
  1910 | D:3      | Reached XP level 5. HP: 32/32 MP: 5/5
  1959 | D:3      | Found a runed door.
  1963 | D:3      | Noticed Crazy Yiuf
  1968 | D:3      | Killed Crazy Yiuf
  2182 | D:3      | Noticed Terence
  2212 | D:3      | Killed Terence
  2426 | D:4      | Reached *** piety under Trog
  2440 | D:4      | Noticed Menkaure
  2450 | D:4      | Killed Menkaure
  2450 | D:4      | Reached skill level 6 in Long Blades
  2450 | D:4      | Reached XP level 6. HP: 32/37 MP: 6/6
  2455 | D:4      | Noticed Ijustatesigmund's ghost (novice DrCj)
  2542 | D:4      | Reached skill level 7 in Long Blades
  2542 | D:4      | Reached XP level 7. HP: 41/41 MP: 7/7
  2572 | D:3      | Mangled by an ogre

Vault maps used:
D:1:      minmay_arrival_diagonal_passages
D:2:      tgw_trog
D:3:      minmay_misc_feat_more_columns, minmay_misc_feat_square,
          uniq_crazy_yiuf_cottage, uniq_terence
D:4:      first_bread, uniq_menkaure, uniq_edmund

Skill      XL: |  1  2  3  4  5  6 |
---------------+-------------------+-----
Long Blades    | 3 4 5 6 7 |  7.0
Fighting       | |  3.2
Armour         | |  2.1
Dodging        | |  1.5

Action                   |  1- 3 |  4- 6 |  7- 9 || total
-------------------------+-------+-------+-------++-------
Melee: Falchion          |   110 |   165 |    16 ||   291
Invok: Berserk           |       |     3 |       ||     3
       Trog's Hand       |       |     1 |     1 ||     2
  Use: Scroll            |       |     1 |       ||     1
  Eat: Chunk             |     1 |     5 |       ||     6
       Royal jelly       |       |     1 |       ||     1
Armor: Animal skin       |    29 |       |       ||    29
       Plate armour      |     3 |   136 |     9 ||   148
Dodge: Dodged            |    65 |    43 |     4 ||   112
Block: Buckler           |     2 |    37 |     6 ||    45
       Reflection        |       |     1 |     1 ||     2
       Rpst.: Falchion   |    24 |    21 |     1 ||    46
